AoeStats
← mattinstat

Pilgrims

507574551Analyzed
2v2 RM · 13d ago on Sep 18, 2026· 32m 10s· 4 players
Game mode
Random Map
Map size
Medium (4 player)
Population
200
Speed
Normal
Resources
Standard
Victory
Conquest
Starting age
Dark Age
Ending age
Imperial Age
RankedLock teamsTeams togetherTeam positionsShared explorationLock speedFull tech treeHidden civsTurbo modeCheats
Victory
Defeat
🇮🇹 Burgundians · Italy
1100
+15
🇮🇹 Armenians · Italy
1089
+15
🇬🇧 Britons · United Kingdom
1070
-15
🇬🇧 Persians · United Kingdom
1070
-15
Original AI
10:08 Loom
13:08 Feudal Age
14:07 Double-Bit Axe
15:21 Fletching
15:28 Fishing Lines
26:16 Castle Age
29:11 Wheelbarrow
28:57 Bodkin Arrow
ButtonBash
4:56 Loom
12:51 Feudal Age
15:42 Fletching
21:32 Fishing Lines
26:41 Double-Bit Axe
30:09 Castle Age
30:43 Crossbowman
Options1986
10:04 Feudal Age
11:46 Loom
12:33 Double-Bit Axe
12:38 Gold Mining
16:40 Wheelbarrow
20:01 Castle Age
18:36 Scale Mail Armor
18:01 Man-at-Arms
18:43 Long Swordsman
19:31 Arson
20:46 Forging
20:59 Squires
20:44 Gambesons
23:16 Scale Barding Armor
23:29 Chain Mail Armor
23:50 Iron Casting
23:23 Two-Handed Swordsman
28:48 Hand Cart
mattinstat
7:48 Loom
10:13 Feudal Age
10:24 Fishing Lines
13:13 Gold Mining
15:29 Gillnets
18:16 Castle Age
16:18 Double-Bit Axe
17:56 Wheelbarrow
18:26 Forging
18:11 Horse Collar
19:12 Heavy Plow
20:00 Heavy Plow
20:36 Scale Barding Armor
22:24 Husbandry
23:36 Cavalier
24:54 Iron Casting
25:52 Town Watch
29:01 Fletching
30:34 Hand Cart
31:04 Bodkin Arrow
Connection lost

Rejoining the realm…

Still unreachable

The connection could not be restored.

Session expired

The server has moved on; the page needs a fresh start.